 Dungeon Crawl Stone Soup version 0.20.1-1-g8b1a95d (webtiles) character file.

1023 AverageBear the Cutter (level 8, 0/45 HPs)
             Began as a Deep Elf Fighter on July 18, 2017.
             Slain by Joseph
             ... wielding a +0 quarterstaff
              (5 damage)
             ... on level 7 of the Dungeon.
             The game lasted 00:05:54 (5506 turns).

AverageBear the Cutter (Deep Elf Fighter)           Turns: 5506, Time: 00:05:55

Health: 0/45       AC: 10    Str: 15    XL:     8   Next: 2%
Magic:  10/10      EV: 11    Int: 14    God:
Gold:   263        SH:  9    Dex: 14    Spells: 7/7 levels left

rFire    . . .     SeeInvis .   e - +0 short sword (venom)
rCold    . . .     Gourm    .   c - +0 shield
rNeg     . . .     Faith    .   q - +0 ring mail (curse)
rPois    .         Spirit   .   (helmet restricted)
rElec    .         Reflect  .   C - scarf {cloud immunity}
rCorr    .         Harm     .   (no gloves)
MR       .....     Clarity  +   (no boots)
Stlth    +.........             Q - amulet of rage
Regen    0.2/turn               f - +4 ring of protection
MPRegen  0.2/turn               r - ring of wizardry

@: no status effects
A: horns 1, clarity, screaming 1
a: Evoke Berserk Rage


You were on level 7 of the Dungeon.
You were not hungry.

You visited 2 branches of the dungeon, and saw 8 of its levels.

You collected 263 gold pieces.

Inventory:

Hand Weapons
 a - a +0 rapier
 e - a +0 short sword of venom (weapon)
 w - a +2 dagger of speed
Missiles
 s - 4 javelins (quivered)
 x - a throwing net
Armour
 b - a +0 scale mail
 c - a +0 shield (worn)
 q - a cursed +0 ring mail (worn)
 C - a scarf of cloud immunity (worn)
 D - a +1 plate armour of fire resistance
 L - a cursed +0 chain mail
Magical Staves
 u - an uncursed staff of wizardry {unknown}
Jewellery
 f - a +4 ring of protection (left hand)
 o - an uncursed ring of protection from fire
 r - a ring of wizardry (right hand)
 z - an uncursed ring of see invisible
 A - an uncursed ring of fire
 G - an uncursed ring of wizardry
 Q - an amulet of rage (around neck)
Wands
 j - a wand of polymorph (10/24)
 v - a wand of disintegration (10/24)
Scrolls
 h - a scroll of fog {unknown}
 k - a scroll of fear
 l - 2 scrolls of teleportation {unknown}
 m - 3 scrolls of enchant armour {unknown}
 n - 2 scrolls of amnesia {unknown}
 p - 4 scrolls of recharging {unknown}
 y - 3 scrolls of remove curse {unknown}
 E - 3 scrolls of enchant weapon {unknown}
 F - a scroll of random uselessness {unknown}
 H - a scroll of magic mapping {unknown}
 K - a scroll of identify
Potions
 d - 2 potions of might
 i - a potion of magic
 B - 2 potions of haste
 I - a potion of agility
 P - a potion of degeneration {unknown}
Comestibles
 t - a fruit
 J - a bread ration
 M - a royal jelly
 O - 2 chunks of flesh


   Skills:
 - Level 2.4 Fighting
 - Level 5.5 Short Blades
 - Level 5.0 Armour
 - Level 5.4 Dodging
 + Level 3.4 Shields


You had 7 spell levels left.
You didn't know any spells.

Dungeon Overview and Level Annotations

Branches:
Dungeon (7/15)             Temple (1/1) D:5

Altars:
Cheibriados
Dithmenos
Elyvilon
Gozag
Hepliaklqana
Kikubaaqudgha
Makhleb
Okawaru
Qazlal
Ru
Sif Muna
Trog
Uskayaw
Vehumet
Xom
Yredelemnul
Zin
The Shining One

Shops:
D:4 (

Annotations:
D:7 Joseph


Innate Abilities, Weirdness & Mutations

You have a pair of small horns on your head.
You possess an exceptional clarity of mind.
You occasionally shout uncontrollably at your foes.


Message History

Found a glowing war axe.
You see here a sling bullet.
Joseph shoots a sling bullet.
The sling bullet hits you!
Found 15 stones.
You see here a sling bullet.
Joseph is nearby!
You are too injured to fight recklessly!
Joseph is nearby!
You are too injured to fight recklessly!
You are too injured to fight recklessly!
You feel better.
Joseph shoots a sling bullet.
The sling bullet hits you.
It was a potion of mutation.
You feel extremely strange.
You feel the urge to shout. A pair of horns grows on your head!
Your thoughts seem clearer.
Joseph shoots a sling bullet.
The sling bullet hits you!
* * * LOW HITPOINT WARNING * * *
Joseph unwields an uncursed hunting sling.
Joseph wields an uncursed quarterstaff.
Joseph hits you with an uncursed quarterstaff.
You die...

######## #...#.. # ...
... ######.#.#.##.#
........ .......#.....
.........#
#.......#.##.#......#.#
#....<.(.....#......#.#
##.....(#.#####...##....
.......@#.....#...###...
....#..@#####.#.........
..)...... ..#.#..###....
....#...###.#.#..# #....
###.#...###.#....###....
. ....+............... #
.#..(#............##.
..#...#.......(######.
#....).(........


You could see Joseph.

Vanquished Creatures
  Eustachio (D:4)
  A hungry ghost (D:4)
  2 ogres (D:4)
  A centaur (D:7)
  2 bullfrogs (D:6)
  A howler monkey (D:4)
  A hound (D:5)
  A quasit (D:6)
  A bullfrog skeleton (D:5)
  A centaur zombie (D:5)
  An orc wizard (D:6)
  2 worker ants
  A hound skeleton (D:5)
  6 adders
  A shadow imp (D:5)
  2 worms
  2 dart slugs
  2 leopard geckos
  5 orcs
  2 ball pythons
  8 bats
  3 goblins
  7 hobgoblins
  10 jackals
  6 kobolds
  A quokka (D:6)
  4 frilled lizards
  A quokka skeleton (D:4)
  6 rats
82 creatures vanquished.

Notes
Turn   | Place    | Note
-------+----------+-------------------------------------------
     0 | D:1      | AverageBear the Deep Elf Fighter began the quest for the Orb.
     0 | D:1      | Reached XP level 1. HP: 13/13 MP: 3/3
   195 | D:1      | Reached XP level 2. HP: 2/18 MP: 4/4
   747 | D:2      | Reached XP level 3. HP: 20/22 MP: 5/5
   905 | D:2      | Found a bloodstained altar of Trog.
  1662 | D:3      | Found a hazy altar of Hepliaklqana.
  1811 | D:3      | Found an iron altar of Okawaru.
  2086 | D:4      | Reached XP level 4. HP: 20/27 MP: 6/6
  2246 | D:4      | Noticed an ogre
  2258 | D:4      | Killed an ogre
  2258 | D:4      | Reached skill level 5 in Short Blades
  2258 | D:4      | Reached XP level 5. HP: 31/31 MP: 7/7
  2324 | D:4      | Found Uxeuma's Weapon Shop.
  2831 | D:4      | Noticed an ogre
  2844 | D:4      | Killed an ogre
  2844 | D:4      | Reached XP level 6. HP: 17/36 MP: 8/8
  3095 | D:4      | Noticed Eustachio
  3118 | D:4      | Killed Eustachio
  3118 | D:4      | Reached skill level 5 in Dodging
  3604 | D:5      | Entered Level 5 of the Dungeon
  3622 | D:5      | Noticed a hungry ghost
  3655 | D:4      | Killed a hungry ghost
  3655 | D:4      | Reached XP level 7. HP: 30/40 MP: 9/9
  4041 | D:5      | Found a hide-covered altar of Uskayaw.
  4167 | D:5      | Found a staircase to the Ecumenical Temple.
  4465 | Temple   | Entered the Ecumenical Temple
  4896 | D:6      | Reached skill level 5 in Armour
  5469 | D:7      | Reached XP level 8. HP: 32/45 MP: 10/10
  5502 | D:7      | Noticed Joseph
  5505 | D:7      | Gained mutation: You occasionally shout uncontrollably at your foes. [potion of mutation]
  5505 | D:7      | Gained mutation: You have a pair of small horns on your head. [potion of mutation]
  5505 | D:7      | Gained mutation: You possess an exceptional clarity of mind. [potion of mutation]
  5506 | D:7      | Slain by Joseph

Skill      XL: |  1  2  3  4  5  6  7 |
---------------+----------------------+-----
Short Blades   | 3 4 5 |  5.5
Dodging        | 3 5 |  5.4
Armour         | 3 5 |  5.0
Shields        | 3 |  3.4
Fighting       | |  2.4

Action                   |  1- 3 |  4- 6 |  7- 9 || total
-------------------------+-------+-------+-------++-------
Melee: Short sword       |   128 |    70 |   151 ||   349
  Use: Scroll            |     3 |       |     2 ||     5
       Potion            |       |     3 |     2 ||     5
  Eat: Chunk             |     4 |     4 |     6 ||    14
       Fruit             |       |     1 |     1 ||     2
       Bread ration      |       |     1 |       ||     1
Armor: Scale mail        |    23 |       |       ||    23
       Ring mail         |    25 |    15 |    60 ||   100
Dodge: Dodged            |    33 |    36 |    72 ||   141
Block: Shield            |    64 |    33 |    71 ||   168
